 Dungeon Crawl Stone Soup version 0.26.1-11-gd32895ea62 (webtiles) character file.

Game seed: 3512245871010633063

733 Zeld the Chopper (level 7, -12/61 HPs)
             Began as a Hill Orc Monk on June 15, 2021.
             Was a Follower of Beogh.
             Mangled by a two-headed ogre
             ... wielding a +0 giant club
              (17 damage)
             ... on level 5 of the Dungeon.
             The game lasted 00:08:05 (9766 turns).

Zeld the Chopper (Hill Orc Monk)                    Turns: 9766, Time: 00:08:06

Health: -12/61     AC: 12    Str: 16    XL:     7   Next: 74%
Magic:  7/7        EV:  6    Int: 10    God:    Beogh [*.....]
Gold:   133        SH:  0    Dex: 13    Spells: 6/6 levels left

rFire    . . .     SeeInvis .   a - +0 hand axe
rCold    . . .     Faith    .   (no shield)
rNeg     . . .     Spirit   .   s - +0 plate armour
rPois    .         Reflect  .   (no helmet)
rElec    .         Harm     .   f - +0 cloak
rCorr    .         Rampage  .   (no gloves)
Will     .....                  (no boots)
Stlth    ..........             (no amulet)
HPRegen  0.20/turn              (no ring)
MPRegen  0.10/turn              (no ring)

@: no status effects
A: no striking features
a: Renounce Religion


You were on level 5 of the Dungeon.
You worshipped Beogh.
Beogh was aware of your devotion.
You visited 1 branch of the dungeon, and saw 5 of its levels.

You collected 238 gold pieces.
You spent 105 gold pieces at shops.

Inventory:

Hand Weapons
 a - a +0 hand axe (weapon)
Missiles
 k - 6 boomerangs (quivered)
 m - 5 silver boomerangs
Armour
 f - a +0 cloak (worn)
 s - a +0 plate armour (worn)
Jewellery
 p - an uncursed ring of resist corrosion {unknown}
 r - a +4 ring of slaying {unknown}
 u - an uncursed ring of flight {unknown}
Wands
 d - a wand of iceblast (8)
 o - a wand of digging (10)
Scrolls
 g - 4 scrolls of remove curse
 j - a scroll of blinking
 q - a scroll of enchant weapon
 t - 2 scrolls of teleportation {unknown}
 v - a scroll of fog {unknown}
 w - a scroll of fear {unknown}
 y - a scroll of enchant armour {unknown}
Potions
 b - a potion of invisibility {unknown}
 c - 2 potions of brilliance {unknown}
 i - a potion of curing {unknown}
 n - 3 potions of degeneration {unknown}
 x - a potion of mutation {unknown}


   Skills:
 + Level 5.2 Fighting
 * Level 7.1 Axes
 * Level 3.5 Throwing
 + Level 3.0 Armour
 + Level 3.6 Dodging
 - Level 1.5 Stealth


You had 6 spell levels left.
You didn't know any spells.
Your spell library was empty.

Dungeon Overview and Level Annotations

Branches:
Dungeon (5/15)             Temple (0/1) D:5

Altars:
Dithmenos
Ru
Xom
The Shining One

Shops:
D:4 *   D:5 =

Annotations:
D:5 Eustachio


Message History

* * * LOW HITPOINT WARNING * * *
The two-headed ogre hits you with a cursed -1 giant club.
* * * LOW HITPOINT WARNING * * *
Unknown command.
An adder comes into view.
You feel sick.
You see here a scroll of amnesia.
You feel sick.
You feel sick.
You are no longer poisoned.
You hear the rapid hiss of a very distant avalanche of sand.
The hiss of flowing sand is almost imperceptible now.
Found 7 gold pieces.
Found 6 gold pieces.
The walls and floor vibrate strangely for a moment.
Found a metallic pink potion.
The two-headed ogre hits you with a +0 giant club!
* * * LOW HITPOINT WARNING * * *
The two-headed ogre hits you with a cursed -1 giant club!
You die...

#.................##
#.##..#.###O##....#
#.#.....# #.###.#.#
#.#...#.###.#####.#
#.....#.....$.....#
###S.####.......$.#
##..############.#
#..!..SBO.#
#...#####@# #...#
#.# #...# #.# #...#
#.# #.... #.# #..##
#.. #.. ..# .##


You could see a two-headed ogre, a worker ant and an adder.

Vanquished Creatures
  2 centaurs (D:5)
  A scorpion (D:4)
  A centaur skeleton (D:4)
  A hound (D:4)
  6 orc priests
  4 orc wizards
  A worker ant (D:4)
  3 adders
  3 gnolls (D:3)
  7 worms
  A dart slug (D:1)
  2 leopard geckos
  10 orcs
  5 bats
  7 giant cockroaches
  11 goblins
  2 hobgoblins
  2 jackals (D:3)
  3 kobolds
  4 frilled lizards
  A quokka skeleton (D:4)
  10 rats
87 creatures vanquished.

Vanquished Creatures (others)
  An orc priest (D:4)
1 creature vanquished.

Grand Total: 88 creatures vanquished

Notes
Turn   | Place    | Note
-------+----------+-------------------------------------------
     0 | D:1      | Zeld the Hill Orc Monk began the quest for the Orb.
     0 | D:1      | Reached XP level 1. HP: 19/19 MP: 1/1
   152 | D:1      | Reached XP level 2. HP: 27/27 MP: 2/2
   161 | D:1      | Found a shimmering altar of Xom.
  1002 | D:2      | Reached XP level 3. HP: 31/33 MP: 3/3
  1035 | D:2      | Reached skill level 1 in Armour
  1164 | D:2      | Found a faded altar of an unknown god.
  2438 | D:3      | Reached skill level 1 in Throwing
  2817 | D:3      | Reached XP level 4. HP: 40/40 MP: 4/4
  2933 | D:3      | Reached skill level 5 in Axes
  3714 | D:4      | Reached XP level 5. HP: 38/46 MP: 5/5
  3988 | D:4      | Became a worshipper of Beogh the Brigand
  3988 | D:4      | Reached * piety under Beogh
  3988 | D:4      | Reached ** piety under Beogh
  5197 | D:3      | Reached XP level 6. HP: 31/53 MP: 6/6
  6062 | D:4      | Reached skill level 6 in Axes
  6373 | D:4      | Found Kococ's Assorted Antiques.
  6391 | D:4      | HP: 1/53 [orc priest/divine providence (15)]
  7356 | D:4      | Reached XP level 7. HP: 37/60 MP: 7/7
  7976 | D:4      | Reached skill level 5 in Fighting
  8751 | D:4      | Found a sacrificial altar of Ru.
  8817 | D:4      | Bought a scroll labelled ASOFIE JAEWN for 27 gold pieces
  8817 | D:4      | Bought a yellow potion for 24 gold pieces
  8817 | D:4      | Bought a scroll labelled RAWIWK GURUXE for 27 gold pieces
  8817 | D:4      | Bought a scroll labelled YWKEJO METURPH for 27 gold pieces
  8858 | D:4      | Found a shadowy altar of Dithmenos.
  8858 | D:4      | Found a glowing golden altar of the Shining One.
  8970 | D:5      | Entered Level 5 of the Dungeon
  9240 | D:5      | Noticed Eustachio
  9241 | D:5      | Found a staircase to the Ecumenical Temple.
  9277 | D:5      | Reached skill level 7 in Axes
  9677 | D:5      | Found Qisotef's Jewellery Shoppe.
  9678 | D:5      | Noticed a two-headed ogre
  9766 | D:5      | Mangled by a two-headed ogre

Illustrated notes

Levels and vault maps discovered:
D:1:      elethiomel_arrival_quiet, layout_loops_ring, xom_teletrap_fun
D:2:      layout_loops_ring, chequers_ecumenical_altar_simple,
          minmay_tromino_mix6
D:3:      layout_loops_ring
D:4:      layout_cave_pools, nicolae_ru_the_path_less_chosen,
          gammafunk_temple_overflow_statue, serial_shops, shop
D:5:      layout_loops_ring, minmay_temple_entry_statues_fountains,
          serial_shops, shop, nicolae_ossuary_entry_monument, uniq_eustachio

Skill      XL: |  1  2  3  4  5  6  7 |
---------------+----------------------+-----
Armour         | 1 2 3 |  3.0
Fighting       | 4 5 |  5.2
Throwing       | 1 2 3 |  3.5
Axes           | 5 6 7 |  7.1
Dodging        | 3 |  3.6
Stealth        | |  1.5

Action                   |  1- 3 |  4- 6 |  7- 9 || total
-------------------------+-------+-------+-------++-------
Melee: Hand axe          |   153 |   248 |   115 ||   516
Throw: Boomerang         |       |     4 |     2 ||     6
Invok: Convert to Beogh  |       |     1 |       ||     1
       Smiting           |       |     2 |       ||     2
  Use: Scroll            |       |       |     6 ||     6
 Stab: Sleeping          |     3 |       |       ||     3
Armor: Robe              |    34 |       |       ||    34
       Plate armour      |    14 |   166 |    95 ||   275
Dodge: Dodged            |    82 |    49 |    37 ||   168
